 Dungeon Crawl Stone Soup version 0.29-a0-322-g68df515428 (webtiles) character file.

Game seed: 2717343417601965712

455 Alarak the Chopper (level 7, -4/62 HPs)
             Began as a Hill Orc Monk on Apr 8, 2022.
             Was a Believer of Beogh.
             Slain by an orc
             ... wielding a +0 club
              (5 damage)
             ... on level 5 of the Dungeon.
             The game lasted 00:08:53 (5115 turns).

Alarak the Chopper (Hill Orc Monk)                  Turns: 5115, Time: 00:08:54

Health: -4/62      AC:  7    Str: 19    XL:     7   Next: 5%
Magic:  7/7        EV: 15    Int: 10    God:    Beogh [**....]
Gold:   256        SH:  0    Dex: 13    Spells: 6/6 levels left

rFire   . . .      SeeInvis .   w - +4 whip of Revolt {freeze, +Blink rPois rC+ Str+3}
rCold   + . .      Faith    .   (no shield)
rNeg    . . .      Spirit   .   j - +0 ring mail
rPois   +          Reflect  .   C - +0 hat
rElec   .          Harm     .   t - +0 cloak
rCorr   .          Rampage  .   (no gloves)
Will    .....                   (no boots)
Stlth   +.........              (no amulet)
HPRegen 0.20/turn               l - +4 ring of evasion
MPRegen 0.10/turn               (no ring)

@: no status effects
A: no striking features
a: Renounce Religion, Evoke Blink, Smiting


You were on level 5 of the Dungeon.
You worshipped Beogh.
Beogh was pleased with you.
You visited 1 branch of the dungeon, and saw 5 of its levels.

You collected 256 gold pieces.

Inventory:

Hand Weapons
 a - a +0 hand axe
 k - a +4 club
 s - a +3 quarterstaff of chaos
 w - the +4 whip of Revolt (weapon) {freeze, +Blink rPois rC+ Str+3}
   (You took it off a kobold on level 3 of the Dungeon)

   It freezes those it strikes, dealing additional cold damage.
   It can also slow down cold-blooded creatures.
   Str:       It affects your strength (+3).
   rC:        It protects you from cold.
   rPois:     It protects you from poison.
   +Blink:    It lets you blink.
 x - a +0 war axe
Missiles
 r - a throwing net (quivered)
Armour
 j - a +0 ring mail (worn)
 t - a +0 cloak (worn)
 C - a +0 hat (worn)
Jewellery
 l - a +4 ring of evasion (left hand)
 n - an amulet of regeneration
 v - a +4 ring of slaying
Wands
 z - a wand of paralysis (9)
 A - a wand of mindburst (10)
Scrolls
 e - 4 scrolls of blinking {unknown}
 f - a scroll of vulnerability {unknown}
 m - a scroll of silence {unknown}
 p - 2 scrolls of identify {unknown}
 q - a scroll of amnesia {unknown}
 u - a scroll of fear {unknown}
 y - a scroll of magic mapping {unknown}
 B - a scroll of teleportation {unknown}
Potions
 b - a potion of might
 c - 2 potions of ambrosia
 d - 4 potions of flight {unknown}
 g - 2 potions of heal wounds {unknown}
 h - a potion of curing {unknown}
 i - 3 potions of brilliance {unknown}
 o - a potion of lignification {unknown}


   Skills:
 + Level 5.7 Fighting
 - Level 6.2(6.5) Axes
 + Level 2.2(4.0) Maces & Flails
 + Level 4.3 Armour
 - Level 2.4 Dodging
 - Level 1.5 Stealth


You had 6 spell levels left.
You didn't know any spells.
Your spell library contained the following spells:

 Spells                   Type           Power      Damage    Failure   Level
 Foxfire                  Conj/Fire      0%         2x1d4     54%         1
 Conjure Flame            Conj/Fire      0%         6-21      88%         3
 Inner Flame              Hex/Fire       0%         N/A       88%         3
 Flame Wave               Conj/Fire      0%         2d4       99%         4


Dungeon Overview and Level Annotations

Branches:
Dungeon (5/15)
 Temple: D:4-7

Altars:
Nemelex Xobeh
Wu Jian

Shops:
D:4 ?

Annotations:
D:5 Ijyb


Message History

Ijyb hits you with a +8 spectral club.
You closely miss Ijyb.
Ijyb is moderately wounded.
The orc barely misses you. The orc hits you but does no damage.
Ijyb misses you.
You hit Ijyb but do no damage.
Ijyb is moderately wounded.
The orc closely misses you. The orc barely misses you. Ijyb misses you.
You closely miss Ijyb.
Ijyb is moderately wounded.
An orc wizard comes into view. It is wielding a +0 dagger.
The orc hits you but does no damage. The orc completely misses you.
Ijyb hits you with a +8 spectral club.
You hit Ijyb. You freeze Ijyb.
Ijyb is moderately wounded.
The orc barely misses you. The orc hits you but does no damage.
Ijyb zaps a wand.
You resist with some effort.
You closely miss Ijyb.
Ijyb is moderately wounded.
The orc hits you but does no damage. The orc closely misses you.
Ijyb zaps a wand.
You suddenly lose the ability to move!
The orc hits you but does no damage. x2; Ijyb hits you with a +8 spectral club!
The orc hits you with a +0 club. Ijyb hits you with a +8 spectral club!
The orc priest begins to cast a cantrip, but forgets the words!
The orc hits you with a +0 club. Ijyb hits you with a +8 spectral club.
The orc wizard casts a spell at you. The magic dart hits you.
The orc hits you but does no damage. Ijyb hits you with a +8 spectral club!
* * * LOW HITPOINT WARNING * * *
You can move again.
You hit Ijyb but do no damage.
Ijyb is moderately wounded.
The orc wizard hits you with a +0 dagger.
* * * LOW HITPOINT WARNING * * *
The orc priest calls down the wrath of Beogh upon you.
Beogh smites you!
* * * LOW HITPOINT WARNING * * *
The orc barely misses you. The orc hits you with a +0 club.
You die...
Beogh appreciates the orc's killing of a heretic priest.

#........ #........
#........ .. '........
... #........ #... ...#
#o....... ....
....######go...... ....
#...##...#@o...... ....
##...##...#.o...... ....
.........#........ ##)
#...##...#........
#######...##...#........
...............'........
.....##.).##...#........
.....##)).##...#########
##...#....####'##


You could see Ijyb, an orc priest, an orc wizard and 2 orcs.

Vanquished Creatures
  An ogre (D:4)
  A scorpion (D:4)
  Crazy Yiuf (D:2)
  An orc priest (D:5)
  Jessica (D:2)
  2 orc wizards (D:3)
  5 adders
  3 river rats (D:4)
  A white imp (D:5)
  An ufetubus (D:5)
  4 worms
  A dart slug (D:3)
  9 orcs
  7 endoplasms
  3 giant cockroaches
  12 hobgoblins
  8 kobolds
  3 quokkas
  8 ball pythons
  A bat (D:1)
  3 frilled lizards (D:1)
  2 goblins (D:1)
  9 rats
87 creatures vanquished.

Vanquished Creatures (others)
  2 fungi (D:2)
2 creatures vanquished.

Grand Total: 89 creatures vanquished

Notes
Turn   | Place    | Note
-------+----------+-------------------------------------------
     0 | D:1      | Alarak the Hill Orc Monk began the quest for the Orb.
     0 | D:1      | Reached XP level 1. HP: 19/19 MP: 1/1
   351 | D:1      | Found a faded altar of an unknown god.
   392 | D:1      | Reached XP level 2. HP: 6/26 MP: 2/2
  1115 | D:1      | Reached skill level 5 in Axes
  1468 | D:2      | Noticed Jessica
  1473 | D:2      | Killed Jessica
  1474 | D:2      | Reached skill level 6 in Axes
  1474 | D:2      | Reached XP level 3. HP: 25/31 MP: 3/3
  1557 | D:2      | Reached XP level 4. HP: 39/40 MP: 4/4
  2307 | D:2      | Found a runed translucent door.
  2308 | D:2      | Noticed Crazy Yiuf
  2319 | D:2      | Killed Crazy Yiuf
  2320 | D:2      | Reached skill level 1 in Armour
  2606 | D:3      | Reached XP level 5. HP: 44/47 MP: 5/5
  2891 | D:3      | Became a worshipper of Beogh the Brigand
  2891 | D:3      | Reached * piety under Beogh
  2891 | D:3      | Reached ** piety under Beogh
  3326 | D:3      | Identified the +4 whip of Revolt {freeze, +Blink rPois rC+
                  | Str+3}
  3436 | D:3      | Reached skill level 5 in Fighting
  3709 | D:4      | Found Tudaitzu's Magic Scroll Shop.
  3916 | D:4      | Noticed an ogre
  3918 | D:4      | Found a sparkling altar of Nemelex Xobeh.
  3926 | D:4      | Killed an ogre
  3927 | D:4      | Reached skill level 1 in Maces & Flails
  3927 | D:4      | Reached XP level 6. HP: 56/56 MP: 6/6
  4219 | D:4      | Found an ornate altar of the Wu Jian Council.
  4865 | D:5      | Entered Level 5 of the Dungeon
  4965 | D:5      | Reached XP level 7. HP: 47/62 MP: 7/7
  5098 | D:5      | Noticed Ijyb
  5110 | D:5      | Paralysed by Ijyb for 4 turns
  5115 | D:5      | HP: 1/62 [orc priest/divine providence (10)]
  5115 | D:5      | Slain by an orc

Illustrated notes

Levels and vault maps discovered:
D:1:      minmay_arrival_radiant_lines, layout_loops_corners,
          chequers_ecumenical_altar_simple, serial_bayou_pond_e, hex_large,
          minmay_misc_feat_square
D:2:      layout_loops_corners, uniq_crazy_yiuf_cottage, uniq_jessica
D:3:      layout_loops_ring, grunt_ministairs_5
D:4:      layout_cave_pods, lemuel_tele_altar, mainiacjoe_overflow_tiny_flanked,
          lightli_sewer_entry_pipes, serial_shops, nicolae_square_shop,
          minmay_misc_feat_chi
D:5:      layout_gridville, grunt_decor_one_mirror, feat_on_display,
          uniq_edmund, uniq_ijyb, uniq_blork_the_orc

Skill      XL: |  1  2  3  4  5  6 |
---------------+-------------------+-----
Axes           | 6 |  6.2
Fighting       | 4 5 |  5.7
Armour         | 1 3 4 |  4.3
Maces & Flails | 1 2 |  2.2
Dodging        | |  2.4
Stealth        | |  1.5

Action                   |  1- 3 |  4- 6 |  7- 9 || total
-------------------------+-------+-------+-------++-------
Melee: Hand axe          |    50 |       |       ||    50
       Club              |     8 |    46 |       ||    54
       Quarterstaff      |       |    48 |       ||    48
       Punch             |       |     1 |       ||     1
       Whip              |       |   105 |    22 ||   127
Invok: Convert to Beogh  |       |     1 |       ||     1
 Stab: Sleeping          |     1 |     3 |       ||     4
Armor: Robe              |     5 |       |       ||     5
       Ring mail         |     7 |    34 |     7 ||    48
Dodge: Dodged            |    34 |   114 |    17 ||   165

Table legend: (Time is in decaauts)
 A = Elapsed time spent in this place.
 B = Non-inter-level travel time spent in this place.
 C = Inter-level travel time spent in this place.
 D = Time resting spent in this place.
 E = Time spent auto-exploring this place.
 F = Levels seen in this place.
 G = Mean time per level.
                   A        B        C        D        E       F      G
               +--------+--------+--------+--------+--------+-----+--------+
         Total |   5152 |   4800 |    352 |    583 |   3591 |   5 | 1030.4 |
       Dungeon |   5152 |   4800 |    352 |    583 |   3591 |   5 | 1030.4 |
               +--------+--------+--------+--------+--------+-----+--------+

Top non-repeatable levels by time:
     D:2: 1334 daAuts
     D:1: 1266 daAuts
     D:4: 1159 daAuts
     D:3: 1145 daAuts
     D:5: 246 daAuts
